AoeStats
← Veni Vidi Elmo

Arena

510370861Analyzed
4v4 RM · 16h ago on Sep 30, 2026· 39m 26s· 8 players
Game mode
Random Map
Map size
Large (8 player)
Population
200
Speed
Normal
Resources
Standard
Victory
Conquest
Starting age
Dark Age
Ending age
Imperial Age
RankedLock teamsTeams togetherTeam positionsShared explorationLock speedFull tech treeHidden civsTurbo modeCheats
Victory
Defeat
🇩🇪 Bengalis · Germany
1690
+14
🇷🇴 Maya · Romania
1689
+14
🇩🇰 Gurjaras · Denmark
1556
+20
🇩🇪 Saxons · Germany
1436
+25
🇩🇪 Jurchens · Germany
1766
-23
🇷🇺 Tupi · Russia
1735
-22
🇩🇪 Turks · Germany
1571
-15
🇭🇷 Aztecs · Croatia
1502
-13
4k1m
11:04 Feudal Age
15:01 Castle Age
12:51 Double-Bit Axe
12:47 Horse Collar
14:13 Loom
20:37 Scale Mail Armor
21:25 Squires
24:44 Clerical Recruitment
27:21 Wheelbarrow
27:46 Fortified Wall
28:30 Redemption
29:01 Bow Saw
31:09 Heavy Plow
31:10 Town Watch
37:10 Imperial Age
34:47 Gold Mining
34:58 Stone Mining
35:44 Guard Tower
36:27 Ballistics
35:59 Fletching
36:25 Chain Mail Armor
36:21 Forging
36:41 Bodkin Arrow
36:45 Murder Holes
36:32 Treadmill Crane
38:14 Block Printing
38:24 Sanctity
37:42 Shield Wall
39:09 Keep
39:36 Bracer
40:08 Plate Mail Armor
WalfTheWolf
10:14 Feudal Age
10:39 Double-Bit Axe
10:35 Horse Collar
13:54 Wheelbarrow
16:36 Castle Age
17:16 Loom
18:30 Stone Mining
18:57 Bow Saw
21:01 Scale Mail Armor
21:51 Forging
27:38 Hand Cart
28:30 Iron Casting
29:07 Town Watch
32:28 Imperial Age
30:13 Gold Mining
30:56 Chain Mail Armor
31:00 Heavy Plow
32:59 Town Patrol
32:33 Elite Chakram Thrower
33:26 Husbandry
33:59 Ballistics
34:39 Chemistry
34:28 Plate Mail Armor
34:56 Bloodlines
34:18 Heavy Camel Rider
36:00 Caravan
36:59 Frontier Guards
37:27 Scale Barding Armor
38:25 Conscription
38:31 Chain Barding Armor
39:22 Kshatriyas
38:52 Light Cavalry
38:57 Elite Shrivamsha Rider
RoU_MaNiA
0:27 Loom
10:28 Feudal Age
11:51 Double-Bit Axe
14:15 Castle Age
13:09 Horse Collar
15:25 Bow Saw
24:33 Wheelbarrow
26:27 Scale Mail Armor
27:15 Forging
27:06 Gold Mining
27:06 Stone Mining
27:41 Heavy Plow
27:58 Hand Cart
27:34 Eagle Warrior
28:27 Squires
28:13 Arson
29:49 Stone Shaft Mining
33:07 Imperial Age
31:48 Chain Mail Armor
32:53 Iron Casting
34:26 Plate Mail Armor
33:46 Elite Eagle Warrior
34:40 Pikeman
35:30 Capped Ram
38:35 Blast Furnace
38:32 Heavy Scorpion
Veni Vidi Elmo
11:01 Feudal Age
12:57 Double-Bit Axe
15:29 Castle Age
13:34 Horse Collar
16:50 Bow Saw
16:42 Heavy Plow
17:31 Gold Mining
21:24 Wheelbarrow
22:32 Hand Cart
22:10 Loom
23:32 Fletching
24:23 Bodkin Arrow
25:42 Gold Shaft Mining
25:30 Padded Archer Armor
26:59 Ballistics
27:07 Leather Archer Armor
27:24 Bloodlines
27:15 Husbandry
28:39 Masonry
32:56 Imperial Age
33:08 Caravan
32:58 Elite Elephant Archer
33:46 Bracer
35:05 Chemistry
34:38 Paiks
34:54 Conscription
35:40 Ring Archer Armor
35:30 Scale Barding Armor
35:35 Forging
37:16 Coinage
36:57 Guilds
36:36 Siege Elephant
39:41 Chain Barding Armor
39:57 Iron Casting
Benni
11:59 Feudal Age
13:09 Double-Bit Axe
13:15 Gold Mining
13:06 Horse Collar
15:42 Castle Age
16:57 Loom
17:37 Bow Saw
21:38 Imperial Age
24:48 Wheelbarrow
28:47 Padded Archer Armor
35:27 Hand Cart
39:12 Ballistics
Rex Caedis
11:26 Feudal Age
15:05 Castle Age
12:57 Double-Bit Axe
12:54 Horse Collar
16:04 Bow Saw
15:55 Heavy Plow
15:56 Loom
17:58 Wheelbarrow
22:11 Forging
24:07 Bloodlines
25:05 Husbandry
25:58 Iron Casting
27:19 Hand Cart
27:26 Town Watch
28:46 Scale Barding Armor
31:23 Chain Barding Armor
35:03 Fortified Wall
38:51 Imperial Age
36:12 Fletching
37:15 Gold Mining
FarI
10:27 Feudal Age
14:02 Castle Age
12:27 Double-Bit Axe
12:45 Horse Collar
15:01 Bow Saw
15:17 Fletching
15:33 Heavy Plow
18:41 Bodkin Arrow
20:29 Gold Mining
23:36 Padded Archer Armor
25:29 Ballistics
27:18 Wheelbarrow
28:36 Gold Shaft Mining
28:48 Hand Cart
32:19 Imperial Age
30:16 Leather Archer Armor
31:10 Stone Mining
33:02 Bracer
32:25 Elite Blackwood Archer
34:16 Ring Archer Armor
34:48 Chemistry
34:57 Curare
35:44 Treadmill Crane
36:33 Conscription
36:02 Loom
36:03 Town Watch
36:53 Coinage
38:37 Banking
Rumpel the Idle
11:06 Feudal Age
11:12 Feudal Age
15:10 Castle Age
12:59 Double-Bit Axe
14:14 Scale Mail Armor
14:12 Arson
14:47 Gold Mining
16:09 Squires
16:51 Chain Mail Armor
17:31 Loom
18:24 Eagle Warrior
27:24 Wheelbarrow
30:48 Imperial Age
30:25 Pikeman
31:27 Forging
32:12 Plate Mail Armor
39:21 Iron Casting
Connection lost

Rejoining the realm…

Still unreachable

The connection could not be restored.

Session expired

The server has moved on; the page needs a fresh start.